[ AOE2 MATCH · #506212209 ]
UnrankedMongols vs Spanish
Player's team · LOSS
Rival team · WIN
[ REPLAY ANALYSIS · EXTRACTED FROM THE RECORDED GAME ]
Feudal
17:58
Castle
—
Imperial
—
| APM avg | 58.9 |
| APM peak | 100 |
| eAPM avg | 20.1 |
| Villagers / military | 63 / 17 |
Focus
⚔️ 23.1% · 🌾 76.9%
Skirmisher ×16 · Spearman ×1
Feudal
20:15
Castle
24:40
Imperial
—
| APM avg | 78.4 |
| APM peak | 135 |
| eAPM avg | 35.8 |
| Villagers / military | 90 / 21 |
Focus
⚔️ 37.6% · 🌾 62.4%
Conquistador ×15 · Battering Ram ×5 · Missionary ×1
Match map
Initial resources + every placement click. Lines = walls · curves = elevation contours. ◆ gold · ⬟ stone · ● berries · ✦ relic · ◌ wall gap
Your base· Open — unwalled flank
ATILA200's base· Open — 4t gap
Smoothed initial terrain · ◌ = detected wall gap · hover for details
Inputs per minute
— Guthrie_Govan - - ATILA200
Build order — Guthrie_Govan
First 150 of 169 actions detected
| 0:01 | Create | Villager (Male) |
| 0:01 | Create | Villager (Male) |
| 0:01 | Create | Villager (Male) |
| 0:02 | Build | House |
| 0:04 | Build | House |
| 0:12 | Create | Villager (Male) |
| 1:28 | Create | Villager (Male) |
| 1:53 | Create | Villager (Male) |
| 1:53 | Create | Villager (Male) |
| 1:56 | Build | Lumber Camp |
| 2:25 | Create | Villager (Male) |
| 2:28 | Create | Villager (Male) |
| 2:53 | Build | Palisade Wall |
| 2:59 | Create | Villager (Male) |
| 3:19 | Create | Villager (Male) |
| 3:24 | Build | House |
| 3:26 | Build | House |
| 3:32 | Create | Villager (Male) |
| 3:32 | Create | Villager (Male) |
| 4:18 | Create | Villager (Male) |
| 4:21 | Create | Villager (Male) |
| 4:38 | Create | Villager (Male) |
| 5:21 | Build | Mill |
| 5:56 | Create | Villager (Male) |
| 5:56 | Create | Villager (Male) |
| 6:52 | Build | Town Center |
| 6:56 | Build | Palisade Wall |
| 6:58 | Build | Palisade Wall |
| 7:01 | Build | Palisade Wall |
| 7:05 | Build | Palisade Wall |
| 7:45 | Create | Villager (Male) |
| 7:45 | Create | Villager (Male) |
| 7:46 | Create | Villager (Male) |
| 7:58 | Research | Loom |
| 8:00 | Create | Villager (Male) |
| 8:00 | Create | Villager (Male) |
| 8:13 | Create | Villager (Male) |
| 8:13 | Create | Villager (Male) |
| 9:08 | Create | Villager (Male) |
| 9:08 | Create | Villager (Male) |
| 9:35 | Create | Villager (Male) |
| 10:13 | Create | Villager (Male) |
| 10:13 | Create | Villager (Male) |
| 10:20 | Build | House |
| 11:17 | Create | Villager (Male) |
| 11:18 | Create | Villager (Male) |
| 11:54 | Create | Villager (Male) |
| 11:54 | Create | Villager (Male) |
| 12:32 | Create | Villager (Male) |
| 12:32 | Create | Villager (Male) |
| 13:07 | Create | Villager (Male) |
| 13:07 | Create | Villager (Male) |
| 13:45 | Create | Villager (Male) |
| 13:53 | Build | Mill |
| 14:14 | Research | Loom |
| 14:19 | Build | House |
| 14:23 | Build | House |
| 15:08 | Build | Mill |
| 15:48 | Research | Feudal Age |
| 15:48 | Research | Feudal Age |
| 16:05 | Build | Mining Camp |
| 17:58 | Age | Feudal Age |
| 18:08 | Build | Watch Tower |
| 18:12 | Research | Double-Bit Axe |
| 18:12 | Research | Double-Bit Axe |
| 18:13 | Create | Villager (Male) |
| 18:16 | Build | Blacksmith |
| 18:44 | Build | House |
| 18:46 | Build | Palisade Wall |
| 18:50 | Build | Palisade Wall |
| 18:55 | Build | Palisade Wall |
| 18:56 | Build | Palisade Wall |
| 19:00 | Build | Palisade Wall |
| 19:06 | Build | Palisade Wall |
| 19:08 | Build | Palisade Wall |
| 19:22 | Create | Villager (Male) |
| 19:26 | Build | Watch Tower |
| 19:41 | Create | Villager (Male) |
| 19:45 | Build | Lumber Camp |
| 19:48 | Create | Villager (Male) |
| 19:51 | Build | Watch Tower |
| 20:09 | Create | Villager (Male) |
| 20:17 | Build | Farm |
| 20:19 | Build | Farm |
| 20:29 | Build | Watch Tower |
| 20:32 | Build | Palisade Wall |
| 20:48 | Build | Watch Tower |
| 21:16 | Build | Watch Tower |
| 21:17 | Create | Villager (Male) |
| 21:18 | Create | Villager (Male) |
| 21:20 | Build | Farm |
| 21:24 | Build | Farm |
| 21:32 | Create | Villager (Male) |
| 21:54 | Research | Fletching |
| 21:55 | Create | Villager (Male) |
| 22:08 | Build | Watch Tower |
| 22:20 | Create | Villager (Male) |
| 22:28 | Build | House |
| 22:39 | Build | Outpost |
| 23:08 | Build | Watch Tower |
| 23:09 | Create | Villager (Male) |
| 23:16 | Build | Farm |
| 23:17 | Build | House |
| 23:18 | Build | House |
| 23:18 | Create | Villager (Male) |
| 23:21 | Build | Barracks |
| 23:31 | Create | Villager (Male) |
| 23:44 | Build | Farm |
| 23:56 | Create | Villager (Male) |
| 23:59 | Build | Farm |
| 24:00 | Create | Villager (Male) |
| 24:05 | Create | Villager (Male) |
| 24:10 | Build | Farm |
| 24:10 | Build | Farm |
| 24:11 | Build | Farm |
| 24:14 | Build | Farm |
| 24:14 | Build | Farm |
| 24:19 | Build | Farm |
| 24:20 | Build | House |
| 24:22 | Build | House |
| 24:23 | Create | Villager (Male) |
| 24:28 | Build | Watch Tower |
| 24:46 | Build | Market |
| 24:49 | Build | Farm |
| 24:51 | Build | Farm |
| 24:51 | Create | Villager (Male) |
| 25:08 | Build | Archery Range |
| 25:10 | Build | Archery Range |
| 25:25 | Build | Watch Tower |
| 25:48 | Create | Spearman |
| 26:06 | Build | Mining Camp |
| 26:07 | Create | Villager (Male) |
| 26:18 | Create | Villager (Male) |
| 26:24 | Create | Skirmisher |
| 26:25 | Create | Skirmisher |
| 26:41 | Create | Skirmisher |
| 26:41 | Create | Skirmisher |
| 26:44 | Build | House |
| 27:00 | Build | Watch Tower |
| 27:12 | Build | House |
| 27:17 | Build | House |
| 27:19 | Build | House |
| 27:22 | Build | Palisade Wall |
| 27:24 | Build | Palisade Wall |
| 27:25 | Build | Palisade Wall |
| 27:27 | Build | Palisade Wall |
| 27:28 | Build | Palisade Wall |
| 27:33 | Build | Palisade Wall |
| 27:35 | Create | Villager (Male) |
| 27:44 | Create | Villager (Male) |
Build order — ATILA200
First 150 of 203 actions detected
| 0:01 | Create | Villager (Male) |
| 0:01 | Create | Villager (Male) |
| 0:01 | Create | Villager (Male) |
| 0:02 | Build | House |
| 0:03 | Build | House |
| 0:05 | Build | House |
| 0:25 | Create | Villager (Male) |
| 1:12 | Create | Villager (Male) |
| 1:12 | Create | Villager (Male) |
| 1:59 | Create | Villager (Male) |
| 1:59 | Create | Villager (Male) |
| 1:59 | Create | Villager (Male) |
| 2:21 | Build | Lumber Camp |
| 2:25 | Create | Villager (Male) |
| 2:25 | Create | Villager (Male) |
| 2:35 | Create | Villager (Male) |
| 2:35 | Create | Villager (Male) |
| 3:10 | Create | Villager (Male) |
| 3:10 | Create | Villager (Male) |
| 3:24 | Build | Palisade Wall |
| 3:30 | Build | House |
| 3:35 | Create | Villager (Male) |
| 3:36 | Create | Villager (Male) |
| 3:47 | Create | Villager (Male) |
| 3:47 | Create | Villager (Male) |
| 3:52 | Build | Palisade Wall |
| 3:52 | Build | Palisade Wall |
| 3:53 | Build | Palisade Wall |
| 4:05 | Create | Villager (Male) |
| 4:05 | Create | Villager (Male) |
| 4:21 | Create | Villager (Male) |
| 4:22 | Create | Villager (Male) |
| 4:46 | Build | Palisade Wall |
| 4:57 | Create | Villager (Male) |
| 5:13 | Create | Villager (Male) |
| 5:13 | Create | Villager (Male) |
| 5:13 | Create | Villager (Male) |
| 5:19 | Build | House |
| 5:22 | Build | Palisade Wall |
| 5:26 | Create | Villager (Male) |
| 5:26 | Create | Villager (Male) |
| 6:05 | Build | Mill |
| 6:13 | Create | Villager (Male) |
| 6:30 | Create | Villager (Male) |
| 6:51 | Research | Loom |
| 7:08 | Create | Villager (Male) |
| 7:24 | Create | Villager (Male) |
| 7:51 | Create | Villager (Male) |
| 7:52 | Create | Villager (Male) |
| 7:52 | Create | Villager (Male) |
| 7:52 | Create | Villager (Male) |
| 7:52 | Create | Villager (Male) |
| 7:52 | Create | Villager (Male) |
| 8:00 | Build | House |
| 8:48 | Create | Villager (Male) |
| 8:57 | Build | House |
| 8:58 | Build | House |
| 10:20 | Create | Villager (Male) |
| 10:20 | Create | Villager (Male) |
| 11:56 | Create | Villager (Male) |
| 11:56 | Create | Villager (Male) |
| 12:57 | Create | Villager (Male) |
| 12:57 | Create | Villager (Male) |
| 12:58 | Create | Villager (Male) |
| 12:58 | Create | Villager (Male) |
| 12:58 | Create | Villager (Male) |
| 12:58 | Create | Villager (Male) |
| 13:39 | Build | House |
| 13:40 | Build | House |
| 13:54 | Build | Town Center |
| 14:00 | Build | House |
| 14:26 | Build | Mill |
| 14:43 | Create | Villager (Male) |
| 14:44 | Create | Villager (Male) |
| 14:45 | Create | Villager (Male) |
| 14:45 | Create | Villager (Male) |
| 14:45 | Create | Villager (Male) |
| 15:01 | Build | Palisade Wall |
| 15:03 | Build | Palisade Wall |
| 15:04 | Build | Palisade Wall |
| 15:11 | Build | Farm |
| 15:11 | Build | Farm |
| 15:14 | Build | Farm |
| 15:38 | Build | Farm |
| 15:40 | Build | Farm |
| 15:41 | Build | Farm |
| 15:45 | Build | Farm |
| 15:59 | Create | Villager (Male) |
| 16:00 | Create | Villager (Male) |
| 16:05 | Build | Farm |
| 16:13 | Build | Farm |
| 17:00 | Build | Mill |
| 17:15 | Create | Villager (Male) |
| 17:17 | Create | Villager (Male) |
| 17:17 | Create | Villager (Male) |
| 17:20 | Build | Mining Camp |
| 17:48 | Research | Feudal Age |
| 17:48 | Research | Feudal Age |
| 18:18 | Build | Mining Camp |
| 18:31 | Build | House |
| 19:03 | Build | Palisade Wall |
| 19:18 | Create | Villager (Male) |
| 20:15 | Age | Feudal Age |
| 20:23 | Create | Villager (Male) |
| 20:42 | Build | Watch Tower |
| 20:44 | Build | Watch Tower |
| 21:08 | Build | Watch Tower |
| 21:20 | Build | Lumber Camp |
| 21:22 | Create | Villager (Male) |
| 21:22 | Create | Villager (Male) |
| 21:23 | Build | Market |
| 21:26 | Build | Blacksmith |
| 21:34 | Build | Lumber Camp |
| 22:00 | Research | Castle Age |
| 22:00 | Research | Castle Age |
| 22:00 | Research | Castle Age |
| 22:32 | Research | Fletching |
| 22:32 | Research | Fletching |
| 23:10 | Research | Double-Bit Axe |
| 23:10 | Research | Double-Bit Axe |
| 24:06 | Build | Lumber Camp |
| 24:07 | Create | Villager (Male) |
| 24:11 | Research | Horse Collar |
| 24:11 | Research | Horse Collar |
| 24:40 | Age | Castle Age |
| 24:54 | Build | Castle |
| 24:57 | Create | Villager (Male) |
| 24:58 | Research | Padded Archer Armor |
| 25:10 | Build | Monastery |
| 25:28 | Build | Mining Camp |
| 25:37 | Build | Siege Workshop |
| 25:41 | Create | Villager (Male) |
| 25:41 | Create | Villager (Male) |
| 25:41 | Create | Villager (Male) |
| 25:44 | Create | Missionary |
| 25:48 | Build | Farm |
| 25:48 | Build | Farm |
| 25:49 | Build | Farm |
| 25:50 | Build | Farm |
| 25:56 | Create | Conquistador |
| 25:56 | Create | Conquistador |
| 25:56 | Create | Conquistador |
| 26:02 | Create | Villager (Male) |
| 26:02 | Create | Villager (Male) |
| 26:02 | Create | Villager (Male) |
| 26:02 | Create | Villager (Male) |
| 26:05 | Build | Farm |
| 26:06 | Build | Farm |
| 26:37 | Create | Conquistador |
| 26:37 | Create | Conquistador |
Match timeline
| 2:53 | Guthrie_Govan · wall_segment Palisade Wall x1 |
| 3:24 | ATILA200 · wall_segment Palisade Wall x1 |
| 3:52 | ATILA200 · wall_segment Palisade Wall x1 |
| 3:52 | ATILA200 · wall_segment Palisade Wall x1 |
| 3:53 | ATILA200 · wall_segment Palisade Wall x1 |
| 4:46 | ATILA200 · wall_segment Palisade Wall x1 |
| 5:22 | ATILA200 · wall_segment Palisade Wall x6 |
| 6:56 | Guthrie_Govan · wall_segment Palisade Wall x1 |
| 6:58 | Guthrie_Govan · wall_segment Palisade Wall x1 |
| 7:01 | Guthrie_Govan · wall_segment Palisade Wall x1 |
| 7:05 | Guthrie_Govan · wall_segment Palisade Wall x1 |
| 15:01 | ATILA200 · wall_segment Palisade Wall x1 |
| 15:03 | ATILA200 · wall_segment Palisade Wall x4 |
| 15:04 | ATILA200 · wall_segment Palisade Wall x1 |
| 17:58 | Guthrie_Govan · age_up feudal |
| 18:46 | Guthrie_Govan · wall_segment Palisade Wall x1 |
| 18:50 | Guthrie_Govan · wall_segment Palisade Wall x1 |
| 18:55 | Guthrie_Govan · wall_segment Palisade Wall x1 |
| 18:56 | Guthrie_Govan · wall_segment Palisade Wall x1 |
| 19:00 | Guthrie_Govan · wall_segment Palisade Wall x1 |
| 19:03 | ATILA200 · wall_segment Palisade Wall x1 |
| 19:06 | Guthrie_Govan · wall_segment Palisade Wall x1 |
| 19:08 | Guthrie_Govan · wall_segment Palisade Wall x1 |
| 20:15 | ATILA200 · age_up feudal |
| 20:32 | Guthrie_Govan · wall_segment Palisade Wall x1 |
| 21:53 | ATILA200 · first_market_sell 100 stone |
| 21:54 | ATILA200 · first_market_buy 100 food |
| 23:21 | Guthrie_Govan · first_building Barracks |
| 24:40 | ATILA200 · age_up castle |
| 24:54 | ATILA200 · first_building Castle |
| 25:08 | Guthrie_Govan · first_building Archery Range |
| 25:10 | ATILA200 · first_building Monastery |
| 25:37 | ATILA200 · first_building Siege Workshop |
| 27:22 | Guthrie_Govan · wall_segment Palisade Wall x1 |
| 27:24 | Guthrie_Govan · wall_segment Palisade Wall x1 |
| 27:25 | Guthrie_Govan · wall_segment Palisade Wall x1 |
| 27:27 | Guthrie_Govan · wall_segment Palisade Wall x1 |
| 27:28 | Guthrie_Govan · wall_segment Palisade Wall x1 |
| 27:33 | Guthrie_Govan · wall_segment Palisade Wall x1 |
| 27:42 | Guthrie_Govan · first_market_sell 100 food |
| 27:44 | Guthrie_Govan · first_market_buy 100 stone |
| 32:01 | Guthrie_Govan · resign |
[ AI ANALYSIS · 1 CREDIT ]
What really happened in this match?
Wolo.gg analyzes every decision: build order, eco, micro, common mistakes by bracket. Personalized analysis on WhatsApp or Discord in 30 seconds.
Civ guide
Mongols
Perfil
Guthrie_Govan